 Dungeon Crawl Stone Soup version 0.28-a0-828-g0121872642 (webtiles) character file.

Game seed: 12302672093513880342

116 iamoutofideas the Gusty (level 5, -4/37 HPs)
             Began as a Gnoll Air Elementalist on Nov 10, 2021.
             Slain by Crazy Yiuf (6 damage)
             ... while paralysed by Crazy Yiuf
             ... on level 3 of the Dungeon.
             The game lasted 00:04:25 (3072 turns).

iamoutofideas the Gusty (Gnoll Air Elementalist)    Turns: 3072, Time: 00:04:26

Health: -4/37      AC:  7    Str:  7    XL:     5   Next: 0%
Magic:  11/12      EV:  5    Int: 16    God:
Gold:   110        SH:  0    Dex: 12    Spells: 8/14 levels left

rFire   + + .      SeeInvis .     - Unarmed
rCold   + + .      Faith    .   (shield currently unavailable)
rNeg    + + +      Spirit   .   (armour currently unavailable)
rPois   ∞          Reflect  .   (helmet currently unavailable)
rElec   +          Harm     .   (cloak currently unavailable)
rCorr   +          Rampage  .   (gloves currently unavailable)
Will    .....                   (boots currently unavailable)
Stlth   +++.......              (amulet currently unavailable)
HPRegen 0.12/turn               (ring currently unavailable)
MPRegen 0.13/turn               (ring currently unavailable)

@: paralysed, agile, wisp-form, flying
A: insubstantial, flying, no casting, tiny, (fangs 1), strong nose, distributed
training
a: no special abilities


You were on level 3 of the Dungeon.
You were an insubstantial wisp.
You visited 1 branch of the dungeon, and saw 3 of its levels.

You collected 110 gold pieces.

Inventory:

Hand Weapons
 h - a +0 short sword
Missiles
 g - 6 boomerangs of dispersal
Armour
 a - a +0 ring mail
 j - a +0 chain mail
 s - a +0 robe of willpower
 t - a +0 leather armour (melded)
Jewellery
 p - a ring of protection from cold (melded)
Wands
 m - a wand of flame (17)
 r - a wand of iceblast (7)
Scrolls
 d - 3 scrolls of vulnerability {unknown}
 e - 3 scrolls of teleportation {unknown}
 k - a scroll of identify {unknown}
 l - a scroll of immolation {unknown}
 n - a scroll of magic mapping {unknown}
Potions
 b - a potion of ambrosia {unknown}
 c - a potion of heal wounds {unknown}
 f - a potion of flight {unknown}
 i - a potion of degeneration {unknown}
 o - 2 potions of curing {unknown}
 q - a potion of lignification {unknown}


   Skills:
 + Level 1.3 Fighting
 + Level 1.3 Short Blades
 + Level 1.3 Long Blades
 + Level 1.3 Axes
 + Level 1.3 Maces & Flails
 + Level 1.3 Polearms
 + Level 1.3 Staves
 + Level 1.3 Slings
 + Level 1.3 Bows
 + Level 1.3 Crossbows
 + Level 1.3 Throwing
 + Level 1.3 Armour
 + Level 4.7 Dodging
 + Level 4.3 Stealth
 + Level 1.3 Shields
 + Level 1.3 Unarmed Combat
 + Level 5.1 Spellcasting
 + Level 2.3 Conjurations
 + Level 1.0 Hexes
 + Level 1.0 Summonings
 + Level 1.0 Necromancy
 + Level 1.0 Translocations
 + Level 1.0 Transmutations
 + Level 1.0 Fire Magic
 + Level 1.0 Ice Magic
 + Level 5.5 Air Magic
 + Level 1.0 Earth Magic
 + Level 1.0 Poison Magic
 + Level 1.4 Invocations
 + Level 1.3 Evocations


You had 8 spell levels left.
You knew the following spells:

 Your Spells              Type           Power      Damage    Failure   Level
a - Shock                 Conj/Air       64%        1d7       3%          1
b - Static Discharge      Conj/Air       16%        N/A       4%          2
c - Swiftness             Air            21%        N/A       4%          3

Your spell library contained the following spells:

 Spells                   Type           Power      Damage    Failure   Level
 Sublimation of Blood     Necr           7%         N/A       14%         2
 Wereblood                Tmut           7%         N/A       14%         2
 Airstrike                Air            10%        N/A       16%         4
 Summon Hydra             Summ           3%         N/A       100%        7


Dungeon Overview and Level Annotations

Branches:
Dungeon (3/15)

Altars:

Shops:
D:1 (

Annotations:
D:3 Crazy Yiuf


Innate Abilities, Weirdness & Mutations

You are an insubstantial wisp.
Your tiny insubstantial body is highly resistant to most damage types.
You are flying.
Your equipment is entirely melded.
You are incapable of wielding weapons or throwing items.
You cannot cast spells.
((You have very sharp teeth.))
Your uncanny sense of smell can sniff out nearby items.
Your experience applies equally to all skills.


Message History

The zap hits Crazy Yiuf.
Crazy Yiuf is moderately wounded.
Unknown command.
Unknown command.
Casting: Shock (safe; 4% risk of failure)
Confirm with . or Enter, or press ? or * to list all spells.
Aiming: Shock (safe; 4% risk of failure)
Press: ? - help, Shift-Dir - straight line, f/p - Crazy Yiuf
Aim: Crazy Yiuf, wielding a +2 quarterstaff of chaos, wearing a +0 cloak and carrying a wand of polymorph (7) (moderately wounded, 75% to hit)
The zap hits Crazy Yiuf.
Crazy Yiuf is heavily wounded.
Crazy Yiuf zaps a wand.
You turn into an insubstantial wisp.
Your +0 leather armour melds into your body.
Your ring of protection from cold melds into your body.
You can't do that in your present form.
Sorry, you're not good enough to have a special ability.
Unknown command.
Unknown command.
You barely miss Crazy Yiuf.
Crazy Yiuf is heavily wounded.
You touch Crazy Yiuf but do no damage.
Crazy Yiuf is heavily wounded.
Crazy Yiuf hits you with a +2 quarterstaff of chaos!
You touch Crazy Yiuf.
Crazy Yiuf is severely wounded.
Crazy Yiuf zaps a wand.
You resist with some effort.
You touch Crazy Yiuf.
Crazy Yiuf is almost dead.
Crazy Yiuf hits you with a +2 quarterstaff of chaos!
You suddenly lose the ability to move!
Crazy Yiuf hits you with a +2 quarterstaff of chaos.
Crazy Yiuf zaps a wand.
You resist with some effort.
Crazy Yiuf hits you with a +2 quarterstaff of chaos!
* * * LOW HITPOINT WARNING * * *
Crazy Yiuf laughs, "Powder!"
Crazy Yiuf hits you with a +2 quarterstaff of chaos!
* * * LOW HITPOINT WARNING * * *
You feel agile all of a sudden.
Crazy Yiuf hits you with a +2 quarterstaff of chaos.
You die...

....##...#####.)..####
...##.....## #...)#
...........# ♣)PP.♣
####.......# ♣..P♣♣
####.......# ♣♣.♣♣
..........## ♣.♣♣
####.......# ♣♣.♣
...........# ♣.♣♣
..##.......# ♣♣v♣
...)......## #g#
...###...## ...
.#..####### #...#
###.......# #..)# #
#######.## ##### ####
#..# ...#######.##
............#


You could see Crazy Yiuf.

Vanquished Creatures
  An iguana (D:3)
  Terence (D:1)
  3 dart slugs
  An orc (D:3)
  6 endoplasms
  2 giant cockroaches
  4 goblins
  4 hobgoblins
  7 jackals
  2 quokkas (D:1)
  5 ball pythons
  4 bats
  3 frilled lizards
  6 kobolds
  5 rats
54 creatures vanquished.

Vanquished Creatures (others)
  A fungus (D:1)
  5 plants (D:1)
6 creatures vanquished.

Grand Total: 60 creatures vanquished

Notes
Turn   | Place    | Note
-------+----------+-------------------------------------------
     0 | D:1      | iamoutofideas the Gnoll Air Elementalist began the quest
                  | for the Orb.
     0 | D:1      | Reached XP level 1. HP: 13/13 MP: 6/6
   222 | D:1      | Reached XP level 2. HP: 19/19 MP: 5/7
   548 | D:1      | Found Jiaqicw's Antique Weapon Shop.
   568 | D:1      | Found a faded altar of an unknown god.
   895 | D:1      | Reached XP level 3. HP: 25/25 MP: 3/9
   898 | D:1      | Learned a level 2 spell: Static Discharge
   902 | D:1      | Learned a level 3 spell: Swiftness
   952 | D:1      | Reached skill level 5 in Spellcasting
  1399 | D:2      | Noticed Terence
  1423 | D:1      | Killed Terence
  1424 | D:1      | Reached skill level 1 in Fighting
  1424 | D:1      | Reached skill level 1 in Short Blades
  1424 | D:1      | Reached skill level 1 in Long Blades
  1424 | D:1      | Reached skill level 1 in Axes
  1424 | D:1      | Reached skill level 1 in Maces & Flails
  1424 | D:1      | Reached skill level 1 in Polearms
  1424 | D:1      | Reached skill level 1 in Staves
  1424 | D:1      | Reached skill level 1 in Slings
  1424 | D:1      | Reached skill level 1 in Bows
  1424 | D:1      | Reached skill level 1 in Crossbows
  1424 | D:1      | Reached skill level 1 in Throwing
  1424 | D:1      | Reached skill level 1 in Armour
  1424 | D:1      | Reached skill level 1 in Shields
  1424 | D:1      | Reached skill level 1 in Unarmed Combat
  1424 | D:1      | Reached skill level 1 in Invocations
  1424 | D:1      | Reached skill level 1 in Evocations
  1424 | D:1      | Reached XP level 4. HP: 12/32 MP: 1/11
  2318 | D:3      | Reached skill level 1 in Hexes
  2318 | D:3      | Reached skill level 1 in Summonings
  2318 | D:3      | Reached skill level 1 in Necromancy
  2318 | D:3      | Reached skill level 1 in Translocations
  2318 | D:3      | Reached skill level 1 in Transmutations
  2318 | D:3      | Reached skill level 1 in Fire Magic
  2318 | D:3      | Reached skill level 1 in Ice Magic
  2318 | D:3      | Reached skill level 1 in Earth Magic
  2318 | D:3      | Reached skill level 1 in Poison Magic
  2655 | D:3      | Reached XP level 5. HP: 37/37 MP: 10/12
  2771 | D:3      | Found a runed translucent door.
  2772 | D:3      | Noticed Crazy Yiuf
  3067 | D:3      | Paralysed by Crazy Yiuf for 5 turns
  3072 | D:3      | Slain by Crazy Yiuf

Illustrated notes

Levels and vault maps discovered:
D:1:      mushboom_english_gardens, layout_loops_ring,
          shapermc_ecumenical_altar_gd, serial_shops, nicolae_square_shop,
          st_stairs_11, serial_bayou_pond_d, serial_bayou_lagoon_b
D:2:      layout_basic, minivault_4, item_on_display_a, uniq_terence
D:3:      layout_rooms, uniq_crazy_yiuf_cottage

Skill      XL: |  1  2  3  4 |
---------------+-------------+-----
Conjurations   | 2 |  2.3
Spellcasting   | 5 |  5.1
Fighting       | 1 |  1.3
Short Blades   | 1 |  1.3
Long Blades    | 1 |  1.3
Axes           | 1 |  1.3
Maces & Flails | 1 |  1.3
Polearms       | 1 |  1.3
Staves         | 1 |  1.3
Slings         | 1 |  1.3
Bows           | 1 |  1.3
Crossbows      | 1 |  1.3
Throwing       | 1 |  1.3
Armour         | 1 |  1.3
Shields        | 1 |  1.3
Unarmed Combat | 1 |  1.3
Invocations    | 1 |  1.4
Evocations     | 1 |  1.3
Hexes          | 1 |  1.0
Summonings     | 1 |  1.0
Necromancy     | 1 |  1.0
Translocations | 1 |  1.0
Transmutations | 1 |  1.0
Fire Magic     | 1 |  1.0
Ice Magic      | 1 |  1.0
Earth Magic    | 1 |  1.0
Poison Magic   | 1 |  1.0
Dodging        | |  4.7
Stealth        | |  4.3
Air Magic      | |  5.5

Action                   |  1- 3 |  4- 6 || total
-------------------------+-------+-------++-------
Melee: Unarmed           |    11 |     4 ||    15
 Cast: Shock             |    74 |    53 ||   127
Armor: Robe              |     3 |       ||     3
Dodge: Dodged            |    17 |     1 ||    18

Table legend: (Time is in decaauts)
 A = Elapsed time spent in this place.
 B = Non-inter-level travel time spent in this place.
 C = Inter-level travel time spent in this place.
 D = Time resting spent in this place.
 E = Time spent auto-exploring this place.
 F = Levels seen in this place.
 G = Mean time per level.
                   A        B        C        D        E       F      G
               +--------+--------+--------+--------+--------+-----+--------+
         Total |   3092 |   2949 |    143 |     75 |   2548 |   3 | 1030.7 |
       Dungeon |   3092 |   2949 |    143 |     75 |   2548 |   3 | 1030.7 |
               +--------+--------+--------+--------+--------+-----+--------+

Top non-repeatable levels by time:
     D:1: 1634 daAuts
     D:3: 794 daAuts
     D:2: 663 daAuts
